 Dungeon Crawl Stone Soup version 0.30-a0-385-gfebfb9b408 (webtiles) character file.

Game seed: 14245587248271482170

30 Shayle the Conjurer (level 3, 25/28 HPs)
             Began as a Demonspawn Reaver on Dec 2, 2022.
             Quit the game on level 2 of the Dungeon.
             The game lasted 00:01:58 (963 turns).

Shayle the Conjurer (Demonspawn Reaver)              Turns: 963, Time: 00:01:59

Health: 25/28      AC:  3    Str: 12    XL:     3   Next: 5%
Magic:  15/15      EV: 11    Int: 16    God:
Gold:   36         SH:  0    Dex: 11    Spells: 5/6 levels left

rFire   . . .      SeeInvis .    a - +0 hand axe
rCold   . . .      Faith    .    (no shield)
rNeg    . . .      Spirit   .    b - +0 leather armour
rPois   .          Reflect  .    (no helmet)
rElec   .          Harm     .    (no cloak)
rCorr   .          Rampage  .    (no gloves)
Will    .....                    (no boots)
Stlth   +.........               (no amulet)
HPRegen 0.24/turn                d - ring of magical power
MPRegen 0.14/turn                (no ring)

@: no status effects
A: hooves 1, foul stench 1
a: no special abilities


You were on level 2 of the Dungeon.
You visited 1 branch of the dungeon, and saw 2 of its levels.

You collected 36 gold pieces.

Inventory:

Hand Weapons
 a - a +0 hand axe (weapon)
Armour
 b - a +0 leather armour (worn)
Jewellery
 d - a ring of magical power (left hand)
Scrolls
 c - a scroll of identify {unknown}
 e - a scroll of brand weapon {unknown}
 g - a scroll of amnesia {unknown}
 h - a scroll of vulnerability {unknown}
Potions
 f - a potion of flight {unknown}
 i - a potion of mutation {unknown}


   Skills:
 + Level 2.6 Fighting
 - Level 2.6 Axes
 + Level 1.2 Armour
 - Level 1.7 Dodging
 + Level 1.4 Stealth
 - Level 2.0 Spellcasting
 - Level 3.0 Conjurations


You had 5 spell levels left.
You knew the following spells:

 Your Spells              Type           Power      Damage    Failure   Level
a - Kiss of Death         Conj/Necr      24%        2d7       14%         1

Your spell library contained the following spells:

 Spells                   Type           Power      Damage    Failure   Level
 Momentum Strike          Conj/Tloc      12%        3d8       22%         2
 Hailstorm                Conj/Ice       6%         3d4       38%         3


Dungeon Overview and Level Annotations

Branches:
Dungeon (2/15)

Altars:


Innate Abilities, Weirdness & Mutations

You have large cloven feet.
You may rarely emit foul miasma when damaged in melee.


Message History

The quokka is lightly wounded.
The quokka closely misses you. The quokka bites you.
You hit the quokka.
You kill the quokka!
You see here a quokka corpse.
HP restored.
i - a ruby potion A hobgoblin comes into view.
The hobgoblin shouts!
You closely miss the hobgoblin. The hobgoblin closely misses you.
You barely miss the hobgoblin. The hobgoblin barely misses you.
You hit the hobgoblin.
The hobgoblin is severely wounded.
The hobgoblin barely misses you.
You hit the hobgoblin but do no damage.
You punch the hobgoblin, but do no damage.
The hobgoblin is severely wounded.
The hobgoblin hits you but does no damage.
You hit the hobgoblin.
You kill the hobgoblin!
You see here a hobgoblin corpse.
You now have 36 gold pieces (gained 13).
A dart slug comes into view.
The dart slug launches a dart at you. The slug dart hits you.
The dart slug barely misses you.
You hit the dart slug.
The dart slug is severely wounded.
You hit the dart slug.
The dart slug is severely wounded.
The dart slug launches a dart at you. The slug dart misses you.
You hit the dart slug.
You kill the dart slug!
You have reached level 3!
Your experience leads to an increase in your attributes!
Increase (S)trength, (I)ntelligence, or (D)exterity?
You feel clever. x2; Your demonic ancestry asserts itself...
Your feet thicken and deform.
Are you sure you want to abandon this character and quit the game? (Confirm with "yes".)

.... ##..# ...#
#... #. #..# ##.#
#?.# #
.....##..##.####.
#.....@.......
#.##..##.#####
#........#
#.#...####
#.....#
......#.###
#######.# #.# #.#


There were no monsters in sight!

Vanquished Creatures
  2 dart slugs
  4 ball pythons (D:1)
  3 goblins (D:1)
  3 hobgoblins
  A quokka (D:2)
  2 bats (D:1)
  A frilled lizard (D:1)
  4 kobolds (D:1)
  6 rats (D:1)
26 creatures vanquished.

Notes
Turn   | Place    | Note
-------+----------+-------------------------------------------
     0 | D:1      | Shayle the Demonspawn Reaver began the quest for the Orb.
     0 | D:1      | Reached XP level 1. HP: 16/16 MP: 3/3
   207 | D:1      | Gained mutation: You may rarely emit foul miasma when
                  | damaged in melee. [demonic ancestry]
   207 | D:1      | Reached XP level 2. HP: 15/22 MP: 5/5
   392 | D:1      | Reached skill level 1 in Stealth
   404 | D:1      | Reached skill level 1 in Armour
   805 | D:2      | Found a faded altar of an unknown god.
   963 | D:2      | Gained mutation: You have large cloven feet. [demonic
                  | ancestry]
   963 | D:2      | Reached XP level 3. HP: 25/28 MP: 6/6
   963 | D:2      | Quit the game

Illustrated notes

Levels and vault maps discovered:
D:1:      lightli_arrival_statuegarden, layout_loops_ring,
          minmay_strange_pillars
D:2:      layout_loops_ring, shapermc_ecumenical_altar_venn

Skill      XL: |  1  2 |
---------------+-------+-----
Stealth        | 1 |  1.4
Armour         | 1 |  1.2
Fighting       | |  2.6
Axes           | |  2.6
Dodging        | |  1.7
Spellcasting   | |  2.0
Conjurations   | |  3.0

Action                   || total
-------------------------++-------
Melee: Hand axe          ||    71
       Punch             ||     2
Armor: Leather armour    ||    16
Dodge: Dodged            ||    45

Table legend: (Time is in decaauts)
 A = Elapsed time spent in this place.
 B = Non-inter-level travel time spent in this place.
 C = Inter-level travel time spent in this place.
 D = Time resting spent in this place.
 E = Time spent auto-exploring this place.
 F = Levels seen in this place.
 G = Mean time per level.
                   A        B        C        D        E       F      G
               +--------+--------+--------+--------+--------+-----+--------+
         Total |    974 |    930 |     44 |     24 |    674 |   2 |  487.0 |
       Dungeon |    974 |    930 |     44 |     24 |    674 |   2 |  487.0 |
               +--------+--------+--------+--------+--------+-----+--------+

Top non-repeatable levels by time:
     D:1: 802 daAuts
     D:2: 171 daAuts
